 Dungeon Sprint DCSS version 0.20-a0-1109-ge3cd172 (webtiles) character file.

9333 JeffiDaFish the Fencer (level 11, -2/83 HPs)
             Began as a Minotaur Berserker on May 5, 2017.
             Was the Champion of Trog.
             Slain by an unseen horror (3 damage)
             ... in the Dungeon (Sprint I: "Red Sonja").
             The game lasted 00:06:17 (1975 turns).

JeffiDaFish the Fencer (Minotaur Berserker)         Turns: 1975, Time: 00:06:18

Health: -2/83      AC: 10    Str: 19    XL:     11   Next: 21%
Magic:  6/6        EV: 10    Int:  0    God:    Trog [******]
Gold:   836        SH:  0    Dex:  8    Spells: 10/10 levels left

rFire    . . .     SeeInvis .   m - +4 great sword (slice)
rCold    . . .     Gourm    .   (shield currently unavailable)
rNeg     . . .     Faith    .   l - +0 plate armour
rPois    .         Spirit   .   (helmet unavailable)
rElec    .         Reflect  .   (no cloak)
rCorr    .         Harm     .   (no gloves)
MR       .....     Rnd*Rage +   (no boots) Stlth ..........NoTele +
                                (no amulet)
Regen    0.0/turn               (no ring)
MPRegen  0.1/turn               (no ring)

@: starving, slowed, lost intelligence, very slow
A: retaliatory headbutt, horns 3, berserk 3, blurry vision 3, clumsy 2, deformed
body, deterioration 2, dopey 2, frail 3, low mp 3, screaming 3, inhibited
regeneration, weak 2, no potion heal 2, subdued magic 3, MP-powered wands
a: Berserk, Trog's Hand, Brothers in Arms, Burn Spellbooks, Renounce Religion


You were in the Dungeon.
You worshipped Trog.
Trog was exalted by your worship.
You were starving.

You visited 1 branch You collected 1066 gold pieces.
You spent 230 gold pieces at shops.

Inventory:

Hand Weapons
 a - a +0 falchion
 c - a +4 great sword of slicing
 m - a +4 great sword of slicing (weapon)
Armour
 b - a +0 animal skin
 j - a +0 ring mail
 l - a +0 plate armour (worn)
Scrolls
 i - a scroll of blinking
Potions
 d - 3 potions of curing
 f - a potion of haste
 g - 2 potions of magic
 h - a potion of berserk rage
Comestibles
 k - a meat ration


   Skills:
 + Level 18.0 Fighting
 + Level 19.4 Long Blades
 + Level 13.1 Armour
 + Level 10.8 Dodging
 + Level 1.2 Stealth


You had 10 spell levels left.
You didn't know any spells.

Dungeon Overview and Level Annotations

Branches:
Dungeon (1/1)

Altars:
Cheibriados
Dithmenos
Elyvilon
Fedhas
Gozag
Hepliaklqana
Kikubaaqudgha
Makhleb
Nemelex Xobeh
Okawaru
Qazlal
Ru
Sif Muna
Trog
Uskayaw
Vehumet
Wu Jian
Xom
Yredelemnul
Zin
The Shining One
Jiyva
Lugonu

Shops:
D ?([


Innate Abilities, Weirdness & Mutations

You reflexively headbutt those who attack you in melee.
You have a pair of large horns on your head.
You have an uncontrollable temper.
Scrolls take you much longer to read.
You are very clumsy. (Dex -4)
Armour fits poorly on your strangely shaped body.
Your body often deteriorates upon taking damage.
You are very dopey. (Int -4)
You are extremely frail. (-30% HP)
Your magical capacity is extremely low. (-30% MP)
You frequently scream uncontrollably at your foes.
You do not regenerate when monsters are visible.
You are very weak. (Str -4)
Potions are poor at restoring your health.
Your spells are much easier to cast, but much less powerful.
You expend magic power (3 MP) to strengthen your wands.


Message History

You closely miss something. Something hits you!
* * * LOW HITPOINT WARNING * * *
The necrophage hits you but does no damage.
Something hits you.
* * * LOW HITPOINT WARNING * * *
Your system partially rejects the healing.
You feel much better.
Something hits you but does no damage. x2
The necrophage completely misses you.
You riposte.
Your plate armour prevents you from hitting the necrophage.
Your headbutt misses the necrophage. Something hits you.
* * * LOW HITPOINT WARNING * * *
You are no longer corroded.
Something hits you but does no damage. x2; Something hits you.
* * * LOW HITPOINT WARNING * * *
Something hits you but does no damage. Something hits you.
* * * LOW HITPOINT WARNING * * *
The necrophage hits you.
* * * LOW HITPOINT WARNING * * *
Something hits you.
You die...

.__##_.#'##'#####'###
___###(#.#).[.###.'§#
######.####'###.###§#
.)..'...'.....'(∩##.#
'####...###########.#
..####.###. #.#
...#.#'#.#.. +.#
...#.....#.§.######§#
...#.(...#...n.{@{#§#
#..#######..§n§n§#{§#
...# $(.n.....§####
...# $.....n.≈≈# ...#
n.....≈≈≈##
#..≈≈≈≈### +######


You could see 4 necrophages.

Vanquished Creatures
  2 centaur warriors (D)
  Sonja (D)
  A deep troll (D)
  An oklob plant (D)
  8 shining eyes (D)
  2 kobold demonologists (D)
  4 demonic crawlers (D)
  A hornet (D)
  A slime creature (D)
  Sigmund (D)
  A yak (D)
  2 redbacks (D)
  6 floating eyes (D)
  An ogre (D)
  8 jellies (D)
  Ijyb (D)
41 creatures vanquished.

Vanquished Creatures (others)
  A gargoyle (D)
  3 hornets (D)
  2 ballistomycete spores (D)
6 creatures vanquished.

Grand Total: 47 creatures vanquished

Notes
Turn   | Place    | Note
-------+----------+-------------------------------------------
     0 | D        | JeffiDaFish the Minotaur Berserker began the quest for the Orb.
     0 | D        | Reached XP level 1. HP: 19/19 MP: 0/0
     1 | D        | Noticed Ijyb
    11 | D        | Killed Ijyb
    11 | D        | Reached skill level 5 in Fighting
    11 | D        | Reached skill level 5 in Long Blades
    11 | D        | Reached XP level 2. HP: 29/29 MP: 1/1
    79 | D        | Noticed an ogre
    81 | D        | Killed an ogre
    81 | D        | Reached skill level 7 in Long Blades
    81 | D        | Reached XP level 3. HP: 39/39 MP: 2/2
    81 | D        | Reached XP level 4. HP: 47/47 MP: 3/3
   148 | D        | Noticed Sigmund
   156 | D        | Killed Sigmund
   156 | D        | Reached ** piety under Trog
   156 | D        | Reached skill level 10 in Long Blades
   156 | D        | Reached skill level 5 in Armour
   156 | D        | Reached XP level 5. HP: 58/58 MP: 4/4
   217 | D        | Found a deep blue altar of Sif Muna.
   218 | D        | Found an ornate altar of the Wu Jian Council.
   219 | D        | Found a viscous altar of Jiyva.
   219 | D        | Found a corrupted altar of Lugonu.
   219 | D        | Noticed a slime creature
   220 | D        | Found a radiant altar of Vehumet.
   221 | D        | Reached skill level 10 in Fighting
   221 | D        | Reached XP level 6. HP: 63/66 MP: 5/5
   227 | D        | Killed a slime creature
   227 | D        | Reached skill level 11 in Long Blades
   227 | D        | Reached skill level 5 in Dodging
   360 | D        | Found a burning altar of Makhleb.
   360 | D        | Found a shimmering altar of Xom.
   373 | D        | Noticed a kobold demonologist
   374 | D        | Noticed a floating eye
   374 | D        | Noticed a kobold demonologist
   377 | D        | Paralysed by a floating eye for 2 turns
   381 | D        | Killed a kobold demonologist
   381 | D        | Reached *** piety under Trog
   381 | D        | Reached skill level 12 in Long Blades
   381 | D        | Reached XP level 7. HP: 77/77 MP: 6/6
   386 | D        | Killed a kobold demonologist
   386 | D        | Reached **** piety under Trog
   386 | D        | Reached skill level 13 in Long Blades
   386 | D        | Reached XP level 8. HP: 86/86 MP: 7/7
   442 | D        | Noticed a demonic crawler
   442 | D        | Noticed a demonic crawler
   442 | D        | Noticed a demonic crawler
   442 | D        | Noticed a demonic crawler
   451 | D        | Killed a demonic crawler
   455 | D        | Killed a demonic crawler
   455 | D        | Reached skill level 14 in Long Blades
   460 | D        | Killed a demonic crawler
   460 | D        | Reached ***** piety under Trog
   467 | D        | Killed a demonic crawler
   467 | D        | Reached skill level 15 in Long Blades
   467 | D        | Reached XP level 9. HP: 79/96 MP: 8/8
   633 | D        | Noticed a centaur warrior
   633 | D        | Noticed a centaur warrior
   644 | D        | Killed a centaur warrior
   644 | D        | Reached skill level 15 in Fighting
   644 | D        | Reached skill level 16 in Long Blades
   648 | D        | Killed a centaur warrior
   648 | D        | Reached skill level 10 in Armour
   837 | D        | Killed a gargoyle
   890 | D        | Found Halidifi's Weapon Emporium.
   890 | D        | Found an ancient bone altar of Kikubaaqudgha.
   890 | D        | Found a hazy altar of Hepliaklqana.
   890 | D        | Found a hide-covered altar of Uskayaw.
   890 | D        | Found a basalt altar of Yredelemnul.
   890 | D        | Found an opulent altar of Gozag.
   890 | D        | Found a snail-covered altar of Cheibriados.
   890 | D        | Found a sacrificial altar of Ru.
   890 | D        | Found a shadowy altar of Dithmenos.
   900 | D        | Received a gift from Trog
   901 | D        | Found a stormy altar of Qazlal.
   901 | D        | Found a blossoming altar of Fedhas.
   901 | D        | Found a bloodstained altar of Trog.
   901 | D        | Found an iron altar of Okawaru.
   901 | D        | Found a glowing golden altar of the Shining One.
   901 | D        | Found a glowing silver altar of Zin.
   901 | D        | Found a white marble altar of Elyvilon.
   909 | D        | Found a sparkling altar of Nemelex Xobeh.
   918 | D        | Noticed Sonja
   923 | D        | Killed Sonja
   923 | D        | Reached skill level 17 in Long Blades
   923 | D        | Reached XP level 10. HP: 107/107 MP: 9/9
  1101 | D        | Noticed a deep troll
  1112 | D        | Killed a deep troll
  1188 | D        | Found Ystrang's Magic Scroll Boutique.
  1191 | D        | Noticed a shining eye
  1191 | D        | Noticed a shining eye
  1191 | D        | Noticed a shining eye
  1191 | D        | Noticed a shining eye
  1191 | D        | Noticed a shining eye
  1191 | D        | Noticed a shining eye
  1193 | D        | Paralysed by a floating eye for 4 turns
  1201 | D        | Paralysed by a floating eye for 3 turns
  1202 | D        | Gained mutation: Your spells are a little easier to cast, but a little less powerful. [a shining eye]
  1204 | D        | Gained mutation: You do not regenerate when monsters are visible. [a shining eye]
  1208 | D        | Gained mutation: You tend to lose your temper in combat. [a shining eye]
  1209 | D        | Killed a shining eye
  1209 | D        | Paralysed by a floating eye for 4 turns
  1220 | D        | Paralysed by a floating eye for 4 turns
  1226 | D        | Gained mutation: You are clumsy. (Dex -2) [a shining eye]
  1229 | D        | Killed a shining eye
  1229 | D        | Received a gift from Trog
  1229 | D        | Reached skill level 18 in Long Blades
  1229 | D        | Reached skill level 10 in Dodging
  1229 | D        | Gained mutation: You are weak. (Str -2) [a shining eye]
  1230 | D        | Gained mutation: Your magical capacity is low. (-10% MP) [a shining eye]
  1233 | D        | Gained mutation: Scrolls take you a little longer to read. [a shining eye]
  1237 | D        | Gained mutation: You expend magic power (3 MP) to strengthen your wands. [a shining eye]
  1242 | D        | Gained mutation: Armour fits poorly on your strangely shaped body. [a shining eye]
  1243 | D        | Gained mutation: You have a pair of large horns on your head. [a shining eye]
  1247 | D        | Killed a shining eye
  1248 | D        | Gained mutation: Scrolls take you longer to read. [a shining eye]
  1252 | D        | Gained mutation: Your body sometimes deteriorates upon taking damage. [a shining eye]
  1254 | D        | Gained mutation: Your body often deteriorates upon taking damage. [a shining eye]
  1257 | D        | Gained mutation: Your spells are easier to cast, but less powerful. [a shining eye]
  1259 | D        | Killed a shining eye
  1260 | D        | Gained mutation: You often lose your temper in combat. [a shining eye]
  1261 | D        | Noticed a shining eye
  1261 | D        | Noticed a shining eye
  1261 | D        | Gained mutation: You are very weak. (Str -4) [a shining eye]
  1261 | D        | Gained mutation: You are frail. (-10% HP) [a shining eye]
  1261 | D        | Gained mutation: You are dopey. (Int -2) [a shining eye]
  1262 | D        | Lost intelligence.
  1262 | D        | Gained mutation: You are very dopey. (Int -4) [a shining eye]
  1262 | D        | Gained mutation: You occasionally shout uncontrollably at your foes. [a shining eye]
  1264 | D        | Gained mutation: You are very clumsy. (Dex -4) [a shining eye]
  1265 | D        | Gained mutation: Your magical capacity is very low. (-20% MP) [a shining eye]
  1266 | D        | Lost mutation: You are very clumsy. (Dex -4) [a shining eye]
  1268 | D        | Gained mutation: You are very frail. (-20% HP) [a shining eye]
  1272 | D        | Paralysed by a floating eye for 3 turns
  1275 | D        | Gained mutation: You have an uncontrollable temper. [a shining eye]
  1279 | D        | Paralysed by a floating eye for 2 turns
  1282 | D        | Gained mutation: Scrolls take you much longer to read. [a shining eye]
  1285 | D        | Paralysed by a floating eye for 4 turns
  1288 | D        | Gained mutation: Your magical capacity is extremely low. (-30% MP) [a shining eye]
  1291 | D        | Killed a shining eye
  1295 | D        | Paralysed by a floating eye for 4 turns
  1296 | D        | Gained mutation: You are very clumsy. (Dex -4) [a shining eye]
  1301 | D        | Gained mutation: You sometimes yell uncontrollably at your foes. [a shining eye]
  1304 | D        | Killed a shining eye
  1304 | D        | Gained mutation: You are extremely frail. (-30% HP) [a shining eye]
  1305 | D        | Paralysed by a floating eye for 4 turns
  1306 | D        | Gained mutation: You frequently scream uncontrollably at your foes. [a shining eye]
  1309 | D        | Gained mutation: Your spells are much easier to cast, but much less powerful. [a shining eye]
  1316 | D        | Gained mutation: Potions are less effective at restoring your health. [a shining eye]
  1321 | D        | Killed a shining eye
  1321 | D        | Reached skill level 1 in Stealth
  1321 | D        | Reached XP level 11. HP: 58/81 MP: 6/6
  1324 | D        | Gained mutation: Potions are poor at restoring your health. [a shining eye]
  1327 | D        | Killed a shining eye
  1327 | D        | Reached ****** piety under Trog
  1327 | D        | Received a gift from Trog
  1327 | D        | Reached skill level 19 in Long Blades
  1332 | D        | Paralysed by fainting for 6 turns
  1586 | D        | Found Lathron's Armour Emporium.
  1591 | D        | Bought a +0 plate armour for 230 gold pieces
  1626 | D        | Noticed an oklob plant
  1633 | D        | Killed an oklob plant
  1949 | D        | Paralysed by a floating eye for 4 turns
  1958 | D        | Received a gift from Trog
  1973 | D        | HP: 3/83 [something (2)]
  1975 | D        | HP: 1/83 [necrophage (1)]
  1975 | D        | Slain by an unseen horror

Vault maps used:
D:        dungeon_sprint_1

Skill      XL: |  1  2  3  4  5  6  7  8  9 10 11 |
---------------+----------------------------------+-----
Fighting       | 5 7 9 10 12 13 14 16 17 18 | 18.0
Long Blades    | 5 7 10 12 13 15 17 18 19 | 19.4
Armour         | 3 4 5 7 8 9 10 12 13 | 13.1
Dodging        | 3 4 6 7 9 10 | 10.8
Stealth        | 1 |  1.2

Action                   |  1- 3 |  4- 6 |  7- 9 | 10-12 || total
-------------------------+-------+-------+-------+-------++-------
Melee: Falchion          |     9 |    17 |    49 |    96 ||   171
       Headbutt          |     1 |     5 |    16 |    37 ||    59
       Great sword       |       |       |       |    23 ||    23
Invok: Berserk           |     2 |     2 |     3 |     1 ||     8
  Use: Potion            |       |       |       |     2 ||     2
       Scroll            |       |       |       |     1 ||     1
  Eat: Chunk             |       |     1 |       |     1 ||     2
       Bread ration      |       |       |     1 |       ||     1
       Fruit             |       |       |       |     4 ||     4
Armor: Animal skin       |     1 |       |       |       ||     1
       Ring mail         |       |       |     9 |     2 ||    11
       Plate armour      |       |       |       |    16 ||    16
Dodge: Dodged            |     1 |     7 |    34 |    16 ||    58
       Rpst.: Falchion   |     1 |     4 |     6 |       ||    11
       Great sword       |       |       |       |     1 ||     1
